[Event "Team 45 45 League T61"]
[Site "Internet Chess Club"]
[Date "2014.06.26"]
[Round "5"]
[White "lacibacsi"]
[Black "charles-allen"]
[Result "1/2-1/2"]
[WhiteElo "1959"]
[BlackElo "1885"]
[Opening "Petrov: Nimzovich attack"]
[ECO "C42"]
[Time "16:00:27"]
[TimeControl "2700+45"]

1. e4 e5 2. Nf3 Nf6 3. Nxe5 d6 4. Nf3 Nxe4 5. Nc3 Nxc3 6. dxc3 Be7 7. Be3 Nc6 8.
Qd2 Be6 9. O-O-O O-O 10. h4 Bxa2 11. b3 a5 12. Kb2 a4 13. Kxa2 axb3+ 14. Kxb3
Ra5 15. Kb2 Qa8 16. Rb1 d5 17. Kc1 Ra1 18. Qd1 Rxb1+ 19. Kxb1 Qa5 20. Qd3 Ra8
21. Kc1 Bf6 22. Bd4 Nxd4 23. cxd4 Be7 24. Kd1 Bb4 25. Qf5 Re8 26. Ne5 Qa1+ 27.
Ke2 f6 28. Qd7 Qa8 29. Qxd5+ Kh8 30. Kf3 fxe5 31. dxe5 Rf8+ 32. Kg3 Be1 33. Bd3
Bxf2+ 34. Kh3 Qa4 35. c4 Qe8 36. Qe4 Qe6+ 37. g4 g6 38. h5 Kg7 39. Kg2 Bc5 40.
Rf1 c6 41. Rxf8 Bxf8 42. Qf4 Bb4 43. Kg3 Bc3 44. Qf6+ Qxf6 45. exf6+ Kxf6 {Game
drawn by mutual agreement} 1/2-1/2

[Event "Team 45 45 League T61"]
[Site "Internet Chess Club"]
[Date "2014.06.29"]
[Round "5"]
[White "kabindra"]
[Black "Iletrado"]
[Result "1-0"]
[WhiteElo "1775"]
[BlackElo "1836"]
[Opening "Caro-Kann: advance variation"]
[ECO "B12"]
[Time "08:00:24"]
[TimeControl "2700+45"]

1. e4 c6 2. d4 d5 3. e5 Bf5 4. h4 h5 5. c4 e6 6. c5 b6 7. cxb6 axb6 8. Bg5 Be7
9. Qd2 Bxg5 10. hxg5 Ne7 11. Be2 Bg6 12. Nf3 Be4 13. Nc3 Bxf3 14. Bxf3 g6 15. g4
h4 16. Qf4 Nd7 17. Rh3 b5 18. Qh2 b4 19. Ne2 Qa5 20. Kf1 c5 21. Rxh4 Rxh4 22.
Qxh4 cxd4 23. Nxd4 Qc5 24. Nb3 Qc2 25. Rc1 Qxb2 26. Be2 Kf8 27. Rc7 {Black
forfeits on time} 1-0

[Event "Team 45 45 League T61"]
[Site "Internet Chess Club"]
[Date "2014.06.29"]
[Round "5"]
[White "QuieroAprender"]
[Black "noblitz-oblige"]
[Result "1/2-1/2"]
[WhiteElo "1655"]
[BlackElo "1653"]
[Opening "Vienna: Paulsen-Mieses variation"]
[ECO "A00"]
[Time "20:01:43"]
[TimeControl "2700+45"]

1. g3 e5 2. e4 Nf6 3. Nc3 Bc5 4. Nf3 Nc6 5. d3 h6 6. Na4 Be7 7. Be2 d5 8. exd5
Nxd5 9. Bd2 Bh3 10. Nc3 Qd7 11. Nxd5 Qxd5 12. Rg1 O-O-O 13. g4 {Game drawn by
mutual agreement} 1/2-1/2

[Event "Team 45 45 League T61"]
[Site "Internet Chess Club"]
[Date "2014.06.28"]
[Round "5"]
[White "Beefstick"]
[Black "edwspin"]
[Result "0-1"]
[WhiteElo "1585"]
[BlackElo "1558"]
[Opening "Scotch game"]
[ECO "C45"]
[Time "14:01:45"]
[TimeControl "2700+45"]

1. e4 e5 2. Nf3 Nc6 3. d4 exd4 4. Nxd4 Qf6 5. c3 Bc5 6. Be3 Nge7 7. Bc4 d5 8.
exd5 Ne5 9. Bb3 Bg4 10. Qd2 Qa6 11. a4 Nd3+ 12. Kf1 Bxd4 13. c4 Bxe3 14. Qxe3
Nb4 15. Nc3 Qb6 16. c5 Qa6+ 17. Kg1 Qd3 18. Qf4 Nbxd5 19. Bxd5 Nxd5 20. Re1+ Be6
21. Rd1 Nxf4 {White resigns} 0-1

[Event "Team 45 45 League T61"]
[Site "Internet Chess Club"]
[Date "2014.06.29"]
[Round "5"]
[White "justice02"]
[Black "JasonModer"]
[Result "1-0"]
[WhiteElo "1769"]
[BlackElo "1707"]
[Opening "Sicilian: Kan, Polugaievsky variation"]
[ECO "B42"]
[Time "09:30:20"]
[TimeControl "2700+45"]

1. e4 c5 2. Nf3 e6 3. d4 cxd4 4. Nxd4 a6 5. Bd3 Bc5 6. c3 Qb6 7. Bc2 e5 8. Nf5
Bxf2+ 9. Kf1 Qf6 10. Kxf2 g6 11. Qd6 gxf5 12. Qxf6 Nxf6 13. exf5 d5 14. h3 O-O
15. Be3 Nc6 16. Nd2 d4 17. Bg5 Kg7 18. Rae1 dxc3 19. bxc3 Rd8 20. Rhf1 h6 21.
Bxf6+ Kxf6 22. Ne4+ Kxf5 23. Kg1+ Kg6 24. Nd6+ Kg7 25. Rxf7+ Kg8 26. Rf6 Kg7 27.
Ref1 Rd7 28. Ne8+ Kg8 29. Rf8# {Black checkmated} 1-0

[Event "Team 45 45 League T61"]
[Site "Internet Chess Club"]
[Date "2014.06.27"]
[Round "5"]
[White "tornado100"]
[Black "Grenadier"]
[Result "1/2-1/2"]
[WhiteElo "1455"]
[BlackElo "1619"]
[Opening "Caro-Kann: exchange, Rubinstein variation"]
[ECO "B13"]
[Time "19:00:14"]
[TimeControl "2700+45"]

1. e4 c6 2. d4 d5 3. exd5 cxd5 4. Bf4 Nf6 5. Bd3 Nc6 6. c3 Bg4 7. f3 Bd7 8. Nd2
e6 9. Ne2 Be7 10. O-O Nh5 11. Be3 Bd6 12. Qe1 Qb6 13. b4 Rc8 14. Nb3 Ne5 15. Qd2
Nxd3 16. Qxd3 Bb5 17. Qd2 Bxe2 18. Qxe2 Rxc3 19. Bd2 Rc4 20. Rfc1 Rxc1+ 21. Rxc1
O-O 22. Nc5 Rc8 23. a4 Qd8 24. Nxb7 Rxc1+ 25. Bxc1 Bxh2+ 26. Kxh2 Qc7+ 27. Qe5
Qxb7 28. Qxh5 Qxb4 29. Qe5 h5 30. Qxh5 Qxd4 31. Qg4 Qe5+ 32. Bf4 Qd4 33. Bd6 Qb6
34. Be5 g6 35. Qh4 Kf8 36. Bf6 Qc7+ 37. Kh3 Ke8 38. Qd4 Qc2 39. g4 Qc7 40. Qe3
Qb7 41. Bd4 {Game drawn by mutual agreement} 1/2-1/2

[Event "Team 45 45 League T61"]
[Site "Internet Chess Club"]
[Date "2014.06.29"]
[Round "5"]
[White "bmw2002"]
[Black "wildcat2023"]
[Result "1-0"]
[WhiteElo "1582"]
[BlackElo "1460"]
[Opening "English opening"]
[ECO "A20"]
[Time "10:06:44"]
[TimeControl "2700+45"]

1. c4 e5 2. g3 Nf6 3. Bg2 d5 4. cxd5 Nxd5 5. Nc3 c6 6. Nf3 Bd6 7. O-O Be6 8. d4
f6 9. dxe5 fxe5 10. Ng5 Nxc3 11. bxc3 Bf5 12. Qb3 Qd7 13. Rd1 Na6 14. Ba3 c5 15.
Qxb7 Qxb7 16. Bxb7 Rd8 17. Bxa6 O-O 18. e4 Bg4 19. Bc4+ Kh8 20. Rd2 Bh5 21. Ne6
Rf3 22. Nxd8 Rxc3 23. Nf7+ Bxf7 24. Bxf7 Rxa3 25. Rxd6 g6 26. Rd8+ Kg7 27. Rd7
a5 28. Rc1 Rxa2 29. Bxa2+ {Black resigns} 1-0

[Event "Team 45 45 League T61"]
[Site "Internet Chess Club"]
[Date "2014.06.30"]
[Round "5"]
[White "Nxs123"]
[Black "GoIrish"]
[Result "0-1"]
[WhiteElo "1604"]
[BlackElo "1650"]
[Opening "Alekhine's defense: modern, Larsen variation"]
[ECO "B04"]
[Time "20:31:40"]
[TimeControl "2700+45"]

1. e4 Nf6 2. e5 Nd5 3. d4 d6 4. Nf3 dxe5 5. dxe5 Bg4 6. Nbd2 e6 7. c4 Nb4 8. Qb3
Nd7 9. a3 Nc5 10. Qc3 Nbd3+ 11. Bxd3 Nxd3+ 12. Ke2 Nf4+ 13. Kf1 Qd3+ 14. Qxd3
Nxd3 15. b4 Be7 16. Ke2 Nxe5 17. c5 O-O 18. Bb2 Nxf3 19. Nxf3 Rad8 20. Rad1 Rd5
21. Rxd5 exd5 22. h3 Bh5 23. g4 Bg6 24. Rd1 c6 25. Ne5 Bc2 26. Rd2 Ba4 27. f4
Re8 28. Kf3 Bd8 29. Bd4 f6 30. Nd3 Bc7 31. f5 Kf7 32. Nf2 Be5 33. Be3 Bb5 34.
Bd4 Bc7 35. Be3 a5 36. Nd3 Bxd3 37. Rxd3 axb4 38. axb4 Ra8 39. Bf4 Be5 40. Bd2
Ke7 41. Rb3 Kd7 42. Ke3 Kc7 43. Kd3 g6 44. Bc1 gxf5 45. gxf5 Rg8 46. Ke2 h5 47.
Kf2 b6 48. Bd2 bxc5 49. bxc5 Bd4+ 50. Be3 Bxe3+ 51. Rxe3 Kd7 52. Ra3 Rg5 53. Rf3
Kc7 54. h4 Rg4 55. Re3 Kd7 56. Kf3 Rxh4 57. Re6 Rc4 58. Rd6+ Kc7 59. Rxf6 Rxc5
60. Re6 Kd7 61. Re5 Rb5 62. Kf4 d4 63. Re1 Rb8 64. Re4 c5 65. Re6 Rf8 {White
forfeits on time} 0-1

[Event "Team 45 45 League T61"]
[Site "Internet Chess Club"]
[Date "2014.06.27"]
[Round "5"]
[White "uzi"]
[Black "bayoumicardio10"]
[Result "1-0"]
[WhiteElo "1473"]
[BlackElo "1555"]
[Opening "Pirc: Holmov system"]
[ECO "B07"]
[Time "16:20:44"]
[TimeControl "2700+45"]

1. e4 d6 2. d4 Nf6 3. Nc3 g6 4. Bc4 Nc6 5. Nf3 e5 6. dxe5 Nxe5 7. Nxe5 dxe5 8.
Bxf7+ Ke7 9. Qxd8+ Kxd8 10. O-O Ke7 11. Bc4 Bd7 12. Bg5 Bg7 13. Rad1 Bc6 14.
Nd5+ Bxd5 15. exd5 Rad8 16. Rfe1 Kd6 17. Bh4 a6 18. Bg3 Nd7 19. f4 exf4 20.
Bxf4+ Kc5 21. Bf1 Bd4+ 22. Be3 Bxe3+ 23. Rxe3 Nb6 24. Rc3+ Kd6 25. Rb3 Rhe8 26.
c4 Re4 27. Rc3 Kc5 28. b3 c6 29. d6 Rxd6 30. Rxd6 Kxd6 31. c5+ Kc7 32. cxb6+
Kxb6 33. Rc2 Kc7 34. Bc4 b5 35. Bg8 h6 36. Bh7 {Black resigns} 1-0

[Event "Team 45 45 League T61"]
[Site "Internet Chess Club"]
[Date "2014.06.27"]
[Round "5"]
[White "pauliewoll"]
[Black "CaptK"]
[Result "1-0"]
[WhiteElo "1556"]
[BlackElo "1659"]
[Opening "Sicilian: closed"]
[ECO "B23"]
[Time "16:30:44"]
[TimeControl "2700+45"]

1. e4 c5 2. Nc3 e6 3. g3 Nc6 4. Bg2 Nf6 5. d3 d5 6. exd5 exd5 7. Bg5 d4 8. Ne4
Be7 9. Bxf6 Bxf6 10. Nf3 O-O 11. O-O Be7 12. Qe1 Re8 13. a4 Bf8 14. Qb1 Bf5 15.
Nh4 Bg4 16. f4 Qd7 17. a5 a6 18. b3 Qc7 19. Qa2 Nb4 20. Qb2 Be7 21. Nf3 Nd5 22.
Ne5 Be6 23. Rf2 Ne3 24. Bf3 f6 25. Nc4 Nxc4 26. bxc4 Rab8 27. Bh5 g6 28. Bf3 f5
29. Ng5 Bxg5 30. fxg5 b5 31. axb6 Qxb6 32. Qa3 Bc8 33. c3 Re3 34. cxd4 cxd4 35.
Bd5+ Kg7 36. g4 Qb4 37. gxf5 gxf5 38. Qxb4 Rxb4 39. Rd1 Rb3 40. Rf4 Rexd3 41.
Rxd4 Rxd1+ 42. Rxd1 Kg6 43. h4 Rc3 44. Kf2 Kh5 45. Rd4 Rh3 46. Bf7# {Black
checkmated} 1-0

[Event "Team 45 45 League T61"]
[Site "Internet Chess Club"]
[Date "2014.06.29"]
[Round "5"]
[White "sdcohle"]
[Black "SirIvanhoe"]
[Result "1/2-1/2"]
[WhiteElo "1416"]
[BlackElo "1700"]
[Opening "QGD Slav: 4.e3 Bf5"]
[ECO "D12"]
[Time "14:30:20"]
[TimeControl "2700+45"]

1. d4 d5 2. c4 c6 3. e3 Bf5 4. Nf3 Nf6 5. Be2 e6 6. O-O Be7 7. Nc3 Bg4 8. h3
Bxf3 9. Bxf3 dxc4 10. Be2 b5 11. a3 Nbd7 12. Bd2 Nd5 13. Rc1 O-O 14. Bf3 N7f6
15. e4 Nxc3 16. Bxc3 Qc7 17. Re1 Rad8 18. Qc2 Rfe8 19. Qd2 Rd7 20. Rcd1 Kf8 21.
Qe3 Red8 22. Rd2 a5 23. Rdd1 b4 24. axb4 axb4 25. Bd2 Rxd4 26. Bc1 Rxd1 27. Rxd1
Rxd1+ 28. Bxd1 Nd7 29. Be2 Nb6 30. Qf3 Qe5 31. Qe3 Qb8 32. Qd4 Qd8 33. Qe3 c5
34. f3 Qd4 35. Kf1 Qxe3 36. Bxe3 Ke8 37. Ke1 Kd7 38. Kd1 Kc6 39. Kc2 Bf6 40. Bd2
h6 41. g4 g5 42. Bf1 Be5 43. Be2 Bd6 44. Be1 Kd7 45. Bd2 Ke7 46. Be3 Kf6 47. Bf1
Ke5 48. Be2 f5 49. exf5 exf5 50. gxf5 Kxf5 51. Bd1 Nd5 52. Bf2 Kf4 53. Be2 Ne3+
54. Kd2 c3+ 55. bxc3 bxc3+ 56. Kxc3 Ng2 57. Kd3 Nh4 58. Kc4 Nxf3 59. Bxc5 Bxc5
60. Kxc5 g4 61. hxg4 Kxg4 62. Kd5 Kg3 63. Ke4 Nh2 64. Kf5 {Game drawn by mutual
agreement} 1/2-1/2

[Event "Team 45 45 League T61"]
[Site "Internet Chess Club"]
[Date "2014.06.28"]
[Round "5"]
[White "zap2"]
[Black "fireball"]
[Result "1-0"]
[WhiteElo "1813"]
[BlackElo "1716"]
[Opening "Benko's opening"]
[ECO "A00"]
[Time "09:08:44"]
[TimeControl "2700+45"]

1. g3 b5 2. Bg2 Nc6 3. Nf3 Bb7 4. d3 g6 5. e4 Bg7 6. Nbd2 d5 7. O-O d4 8. Ne1 e5
9. f4 Nf6 10. Ndf3 O-O 11. fxe5 Nd7 12. Bg5 Qe8 13. Qd2 Ndxe5 14. h3 Rb8 15. Bh6
f5 16. Bxg7 Kxg7 17. Nh4 fxe4 18. Rxf8 Qxf8 19. Bxe4 Ne7 20. Qg2 Bc8 21. Nef3
Nxf3+ 22. Nxf3 Nf5 23. Qf2 c5 24. g4 Nd6 25. Qg3 Be6 26. Qe5+ {Black forfeits on
time} 1-0

[Event "Team 45 45 League T61"]
[Site "Internet Chess Club"]
[Date "2014.06.28"]
[Round "5"]
[White "calily"]
[Black "Bleddyn"]
[Result "1/2-1/2"]
[WhiteElo "1749"]
[BlackElo "1658"]
[Opening "Queen's pawn game, Darooha variation "]
[ECO "D02"]
[Time "14:00:37"]
[TimeControl "2700+45"]

1. Nf3 d5 2. d4 Nf6 3. g3 e6 4. Bg2 Be7 5. O-O O-O 6. Nbd2 b6 7. c4 Bb7 8. b3
Nbd7 9. Bb2 c5 10. cxd5 Bxd5 11. dxc5 Nxc5 12. Ne5 Bxg2 13. Kxg2 {Game drawn by
mutual agreement} 1/2-1/2

[Event "Team 45 45 League T61"]
[Site "Internet Chess Club"]
[Date "2014.06.30"]
[Round "5"]
[White "kutch"]
[Black "Insan996"]
[Result "1-0"]
[WhiteElo "1482"]
[BlackElo "1570"]
[Opening "Nimzo-Indian: classical variation"]
[ECO "E32"]
[Time "22:07:02"]
[TimeControl "2700+45"]

1. d4 Nf6 2. c4 e6 3. Nc3 Bb4 4. Qc2 O-O 5. Nf3 c5 6. e3 b6 7. Be2 Bb7 8. O-O
Bxc3 9. bxc3 d6 10. Nd2 Nbd7 11. e4 d5 12. e5 Ne4 13. f3 Nxd2 14. Bxd2 Ba6 15.
Bd3 h6 16. cxd5 Bxd3 17. Qxd3 exd5 18. Rf2 c4 19. Qe2 Qe7 20. Re1 Rae8 21. f4
Qa3 22. Qg4 Nf6 23. exf6 Rxe1+ 24. Bxe1 g6 25. h4 Qc1 26. Re2 Qd1 27. h5 {Black
resigns} 1-0

[Event "Team 45 45 League T61"]
[Site "Internet Chess Club"]
[Date "2014.06.27"]
[Round "5"]
[White "Ajolote"]
[Black "Gilguli"]
[Result "0-1"]
[WhiteElo "1464"]
[BlackElo "1408"]
[Opening "Sicilian"]
[ECO "B54"]
[Time "16:00:27"]
[TimeControl "2700+45"]

1. e4 c5 2. Nf3 d6 3. d4 cxd4 4. Nxd4 a6 5. Nc3 e5 6. Nf3 Nf6 7. Bg5 Be6 8. Be2
b5 9. a3 Nbd7 10. O-O Be7 11. Qd2 Nb6 12. b3 Rc8 13. Rad1 Qc7 14. Bxf6 gxf6 15.
Nd5 Bxd5 16. exd5 Qxc2 17. Qxc2 Rxc2 18. Rfe1 Rc5 19. Rc1 Nxd5 20. Rxc5 dxc5 21.
Nd2 f5 22. Bh5 Nf4 23. Be2 e4 24. g3 Nxe2+ 25. Rxe2 Bf6 26. Kf1 Ke7 27. f3 Bc3
28. fxe4 Bxd2 29. exf5+ Kf6 30. Rxd2 c4 31. bxc4 bxc4 32. Rc2 Rc8 33. g4 Kg5 34.
h3 c3 35. Kf2 Kf4 36. a4 Rc4 37. a5 f6 38. Rc1 c2 39. Ke2 Rc3 40. Kd2 Rxh3 41.
Rg1 h6 42. Kxc2 Rg3 43. Rh1 Kxg4 44. Rxh6 Kxf5 45. Kb2 Re3 46. Rh5+ Kg6 47. Rc5
Re5 {White resigns} 0-1

[Event "Team 45 45 League T61"]
[Site "Internet Chess Club"]
[Date "2014.06.30"]
[Round "5"]
[White "portis2"]
[Black "meduzo"]
[Result "0-1"]
[WhiteElo "1636"]
[BlackElo "1638"]
[Opening "Catalan: open, classical line"]
[ECO "E05"]
[Time "09:00:19"]
[TimeControl "2700+45"]

1. d4 Nf6 2. c4 e6 3. Nf3 d5 4. g3 dxc4 5. Bg2 Be7 6. Qa4+ Bd7 7. Qxc4 O-O 8.
Nc3 Nc6 9. O-O Na5 10. Qd3 c5 11. dxc5 Bxc5 12. Bg5 Bc6 13. Qc2 h6 14. Rfd1 Qe7
15. Bxf6 Qxf6 16. Ne4 Bxe4 17. Qxc5 Nc6 18. Rd2 Rfd8 19. Rad1 Rxd2 20. Rxd2 Rd8
21. Qe3 Rxd2 22. Qxd2 Bd5 23. a3 g5 24. h3 Ne5 25. Nxe5 Qxe5 26. Bxd5 Qxd5 27.
Qxd5 exd5 28. e3 Kg7 29. Kf1 Kf6 30. Ke2 Ke5 31. Kd3 a5 32. f4+ gxf4 33. exf4+
Kd6 34. Kd4 h5 35. g4 hxg4 36. hxg4 a4 37. g5 Ke6 38. Kc5 Kf5 39. Kxd5 Kxf4 40.
Kc5 Kxg5 41. Kb6 f5 {White resigns} 0-1

[Event "Team 45 45 League T61"]
[Site "Internet Chess Club"]
[Date "2014.06.29"]
[Round "5"]
[White "pokerram"]
[Black "isolani"]
[Result "0-1"]
[WhiteElo "1652"]
[BlackElo "1607"]
[Opening "Caro-Kann: advance variation"]
[ECO "B12"]
[Time "17:00:12"]
[TimeControl "2700+45"]

1. e4 c6 2. d4 d5 3. e5 Bf5 4. Be2 e6 5. h4 c5 6. g4 Be4 7. f3 Be7 8. fxe4 Bxh4+
9. Kf1 Bg3 10. Be3 dxe4 11. dxc5 Qc7 12. Bb5+ Nc6 13. Bxc6+ bxc6 14. Qd6 Bxe5
15. Qxc7 Bxc7 16. Ne2 Nf6 17. Bf4 e5 18. Bc1 Nxg4 19. Rg1 f5 20. Nbc3 h5 21. Ng3
g6 22. Ngxe4 fxe4 23. Nxe4 O-O+ 24. Ke2 Rf5 25. Be3 Kg7 26. c4 Raf8 27. Nd6 Rf3
28. Bg5 Rf2+ 29. Ke1 Rxb2 30. Ne4 Nh2 31. Kd1 Nf3 32. Bf6+ Rxf6 33. Nxf6 Nxg1
34. Ne8+ Kf7 35. Nxc7 h4 36. Kc1 Rf2 37. a4 h3 38. Rb1 Rf1+ 39. Kc2 Rxb1 40.
Kxb1 h2 {White resigns} 0-1

[Event "Team 45 45 League T61"]
[Site "Internet Chess Club"]
[Date "2014.06.28"]
[Round "5"]
[White "krysto"]
[Black "idjit"]
[Result "0-1"]
[WhiteElo "1562"]
[BlackElo "1669"]
[Opening "QGD semi-Slav: Chigorin defense"]
[ECO "D46"]
[Time "15:00:48"]
[TimeControl "2700+45"]

1. d4 d5 2. c4 c6 3. Nf3 Nf6 4. Nc3 e6 5. e3 Nbd7 6. Bd3 Bd6 7. cxd5 exd5 8. O-O
O-O 9. e4 dxe4 10. Nxe4 Nxe4 11. Bxe4 Nb6 12. Bxh7+ Kxh7 13. Ng5+ Kg6 14. h4 Rh8
15. g3 f6 16. h5+ Rxh5 17. Nf7 Qd7 18. Nxd6 Qh3 19. Qd3+ f5 {White resigns} 0-1

[Event "Team 45 45 League T61"]
[Site "Internet Chess Club"]
[Date "2014.06.27"]
[Round "5"]
[White "Megasus"]
[Black "Berke"]
[Result "1/2-1/2"]
[WhiteElo "1558"]
[BlackElo "1574"]
[Opening "Queen's pawn game"]
[ECO "A46"]
[Time "05:12:23"]
[TimeControl "2700+45"]

1. Nf3 Nf6 2. d4 e6 3. a3 d5 4. Nbd2 b6 5. e3 Be7 6. h3 O-O 7. Bd3 c5 8. b3 Bb7
9. Bb2 Ne4 10. c4 Nd7 11. Qc2 Ndf6 12. Rg1 Rc8 13. Ne5 cxd4 14. exd4 Nxd2 15.
Qxd2 Ne4 16. Qc2 g6 17. Nf3 Bf6 18. Rd1 Qe7 19. Ke2 Nd6 20. Rge1 dxc4 21. bxc4
Bxf3+ 22. gxf3 Nf5 23. Be4 Qc7 24. Bd3 Rfd8 25. Bxf5 exf5 26. Kf1 Qf4 27. Re3
Bxd4 28. Bxd4 Rxd4 29. Rxd4 Qxd4 30. Qa4 Qxc4+ 31. Qxc4 Rxc4 32. Re8+ Kg7 33.
Re3 Ra4 34. Ke2 b5 35. Rb3 a5 36. Rxb5 Rxa3 37. Rb6 a4 38. Ra6 f4 39. h4 h6 40.
Ra7 Ra2+ 41. Kf1 a3 42. Kg2 g5 43. hxg5 hxg5 44. Ra6 f6 45. Ra5 Kg6 46. Ra6 Kf5
47. Ra5+ Kg6 48. Ra6 Kf5 49. Ra5+ Kg6 50. Ra6 Kf5 51. Ra5+ Kg6 {Game drawn by
repetition} 1/2-1/2

[Event "Team 45 45 League T61"]
[Site "Internet Chess Club"]
[Date "2014.06.29"]
[Round "5"]
[White "RobertStephen"]
[Black "Pomberito"]
[Result "0-1"]
[WhiteElo "1953"]
[BlackElo "2142"]
[Opening "Sicilian: Pelikan, Chelyabinsk variation"]
[ECO "B33"]
[Time "08:15:29"]
[TimeControl "2700+45"]

1. e4 c5 2. Nf3 Nc6 3. d4 cxd4 4. Nxd4 Nf6 5. Nc3 e5 6. Ndb5 d6 7. Bg5 a6 8. Na3
b5 9. Nd5 Be7 10. Bxf6 Bxf6 11. c4 b4 12. Qa4 Bd7 13. Nxf6+ Qxf6 14. Nb5 O-O 15.
Nc7 Qg6 16. f3 Ra7 17. Nd5 Qg5 18. g3 f5 19. Bd3 fxe4 20. Bxe4 Nd4 21. Qxb4 Bf5
22. O-O Raf7 23. Qxd6 Bxe4 24. fxe4 Nf3+ 25. Rxf3 Rxf3 26. Qe6+ Kh8 27. Qe7 Qg4
28. Qh4 Qc8 29. b3 Qc5+ 30. Kh1 Qd4 31. Rg1 Rf2 32. Ne7 Qe3 33. Qg4 Qd3 34. Ng6+
hxg6 35. Qh3+ Kg8 36. Qe6+ R2f7 37. Qd5 Qf3+ 38. Rg2 Kh7 39. c5 Qe3 40. h4 Rf1+
41. Kh2 R8f2 {White resigns} 0-1

[Event "Team 45 45 League T61"]
[Site "Internet Chess Club"]
[Date "2014.06.27"]
[Round "5"]
[White "Goli"]
[Black "Baspofsky"]
[Result "1-0"]
[WhiteElo "1835"]
[BlackElo "1916"]
[Opening "Sicilian: Alapin's variation (2.c3)"]
[ECO "B22"]
[Time "18:25:58"]
[TimeControl "2700+45"]

1. e4 c5 2. c3 d5 3. exd5 Qxd5 4. d4 g6 5. Nf3 Bg7 6. h3 Nh6 7. Be2 cxd4 8. cxd4
Nf5 9. Nc3 Qa5 10. O-O O-O 11. Be3 Rd8 12. Qc1 Nxd4 13. Nxd4 Bxd4 14. Bxd4 Rxd4
15. Nb5 Rd8 16. Nc7 Nc6 17. Nxa8 Bf5 18. Rd1 Rxa8 19. Bf3 Rc8 20. Bxc6 Rxc6 21.
Qd2 Qxd2 22. Rxd2 e5 23. Re1 f6 24. f3 Be6 25. b3 Kf7 26. Kf2 g5 27. Ree2 Bf5
28. g4 Be6 29. Rc2 Rb6 30. Rc7+ Kg6 31. Rd2 a5 32. Rc5 Ra6 33. Rb5 Bc8 34. Rd8
Rc6 35. Rxa5 h5 36. Rad5 hxg4 37. hxg4 e4 38. R8d6 Rc3 39. fxe4 Bxg4 40. e5 Rf3+
41. Kg2 Rf4 42. Rxf6+ Rxf6 43. exf6 Kxf6 44. Kg3 Be6 45. Rb5 Bc8 46. b4 g4 47.
Kf4 Ke7 48. Rd5 Bd7 49. b5 {Black forfeits on time} 1-0

[Event "Team 45 45 League T61"]
[Site "Internet Chess Club"]
[Date "2014.06.29"]
[Round "5"]
[White "Atwode"]
[Black "patito09"]
[Result "0-1"]
[WhiteElo "1850"]
[BlackElo "1849"]
[Opening "Pirc: classical (two knights) system"]
[ECO "A48"]
[Time "10:00:37"]
[TimeControl "2700+45"]

1. d4 Nf6 2. Nf3 g6 3. Nc3 Bg7 4. e4 d6 5. Be3 O-O 6. Qd2 Re8 7. h3 e5 8. dxe5
dxe5 9. Qxd8 Rxd8 10. Nxe5 Nxe4 11. Nxf7 Bxc3+ 12. bxc3 Kxf7 13. Bc4+ Be6 14.
Bxe6+ Kxe6 15. O-O Nxc3 16. Bg5 Re8 17. Rfe1+ Kf7 18. Rxe8 Kxe8 19. Re1+ Kd7 20.
Re7+ Kc6 21. Re8 Nxa2 22. Bf4 Nc3 23. Rc8 Ne2+ {White resigns} 0-1

[Event "Team 45 45 League T61"]
[Site "Internet Chess Club"]
[Date "2014.06.30"]
[Round "5"]
[White "PaulaR"]
[Black "backrankbrawler"]
[Result "1/2-1/2"]
[WhiteElo "1817"]
[BlackElo "1820"]
[Opening "Two knights defense (Modern bishop's opening)"]
[ECO "C55"]
[Time "09:30:23"]
[TimeControl "2700+45"]

1. e4 e5 2. Nf3 Nc6 3. Bc4 Nf6 4. d3 Be7 5. c3 O-O 6. Be3 d6 7. Nbd2 Na5 8. Bb5
c5 9. O-O Qc7 10. b4 Nc6 11. bxc5 dxc5 12. Bxc6 bxc6 13. Nc4 Bd6 14. Qa4 Be6 15.
Rab1 Nd7 16. Nxd6 Qxd6 17. Rfd1 f6 18. d4 cxd4 19. cxd4 Qc7 20. d5 cxd5 21. exd5
Bf5 22. Rbc1 Qb7 23. Nh4 Nb6 24. Qb4 Bd7 25. d6 Rac8 26. Nf3 Rxc1 27. Rxc1 Rc8
28. Qb3+ Kf8 29. h4 Rxc1+ 30. Bxc1 Qd5 31. Qc3 Qxa2 32. Qc7 Qc4 33. Qd8+ Kf7 34.
Qe7+ Kg6 35. Nxe5+ fxe5 36. Qg5+ Kf7 37. Qe7+ {Game drawn by mutual agreement}
1/2-1/2

[Event "Team 45 45 League T61"]
[Site "Internet Chess Club"]
[Date "2014.07.01"]
[Round "5"]
[White "xwang1"]
[Black "junard"]
[Result "0-1"]
[WhiteElo "1982"]
[BlackElo "2046"]
[Opening "Sicilian: Najdorf, 7.f4"]
[ECO "B96"]
[Time "22:21:22"]
[TimeControl "2700+45"]

1. e4 c5 2. Nf3 d6 3. d4 cxd4 4. Nxd4 Nf6 5. Nc3 a6 6. Bg5 e6 7. f4 Qc7 8. Bxf6
gxf6 9. Qd2 Nc6 10. O-O-O Bd7 11. Kb1 O-O-O 12. g3 Kb8 13. Bh3 Nxd4 14. Qxd4 e5
15. fxe5 fxe5 16. Qg1 Bxh3 17. g4 Qc8 18. Nd5 Bxg4 19. Rd3 Be6 20. Qb6 Bxd5 21.
Rxd5 Be7 22. Rf1 f6 23. Rf3 Qc7 24. Qb4 Rc8 25. Rc3 Qd7 26. Rb3 Rhg8 27. Rd1 d5
28. Qa5 dxe4 29. Rc1 Rc6 30. Qa4 f5 31. Rb6 Qc7 32. Qb3 Rxb6 33. Qxg8+ Ka7 34.
c3 Qd7 35. Qg1 Qd3+ 36. Rc2 e3 37. Qe1 f4 38. Qh1 e4 39. Kc1 f3 {White resigns}
0-1

[Event "Team 45 45 League T61"]
[Site "Internet Chess Club"]
[Date "2014.06.24"]
[Round "5"]
[White "tamtu"]
[Black "gump12345"]
[Result "1/2-1/2"]
[WhiteElo "2001"]
[BlackElo "2012"]
[Opening "King's Indian: Makagonov system (5.h3)"]
[ECO "E71"]
[Time "22:00:24"]
[TimeControl "2700+45"]

1. d4 Nf6 2. c4 g6 3. Nc3 Bg7 4. e4 d6 5. h3 O-O 6. Bg5 Nbd7 7. Nf3 e5 8. d5 h6
9. Be3 Nh5 10. Qd2 Kh7 11. O-O-O f5 12. exf5 gxf5 13. g4 f4 14. Qc2+ Kh8 15. Bd2
Nhf6 16. g5 hxg5 17. Nxg5 Nc5 18. Be2 a5 19. Kb1 Qe7 20. Bg4 Bd7 21. Rdg1 Bh6
22. Bxd7 Qxd7 23. h4 Rg8 24. f3 a4 25. Be1 c6 26. Bf2 cxd5 27. Bxc5 dxc5 28.
Nxd5 Nxd5 29. Rd1 Raf8 30. Rxd5 Qf5 31. Qxf5 Rxf5 32. Rxc5 Bxg5 33. hxg5+ Kg7
34. Rc7+ Kg6 35. Rxb7 Rxg5 36. c5 Rc8 37. Rb6+ Kg7 38. c6 Rg6 39. Rb7+ Kg8 40.
c7 Rc6 41. Rc1 Rxc1+ 42. Kxc1 Kf7 43. Kc2 Ke6 44. Kd3 Kd5 45. b4 Kc6 46. Ra7 Kb6
47. Rxa4 Rxc7 48. Ra5 Rd7+ 49. Ke4 Rd4+ 50. Kxe5 Rxb4 51. Ra3 Kc6 52. Ra6+ Kd7
53. a4 Rc4 54. a5 Ra4 55. Rd6+ Ke7 56. a6 Ra5+ {Game drawn by mutual agreement}
1/2-1/2

[Event "Team 45 45 League T61"]
[Site "Internet Chess Club"]
[Date "2014.06.27"]
[Round "5"]
[White "perikitosax"]
[Black "LazyPeon"]
[Result "1-0"]
[WhiteElo "2010"]
[BlackElo "1883"]
[Opening "Benkö gambit"]
[ECO "A57"]
[Time "14:05:36"]
[TimeControl "2700+45"]

1. d4 Nf6 2. c4 c5 3. d5 b5 4. Qc2 bxc4 5. e4 d6 6. Bxc4 g6 7. Nf3 Bg7 8. O-O
O-O 9. Nc3 Ba6 10. Nd2 Bxc4 11. Nxc4 Na6 12. Bf4 Nc7 13. Rad1 Nd7 14. Rfe1 Rb8
15. e5 dxe5 16. Nxe5 Nxe5 17. Bxe5 Bxe5 18. Rxe5 Nb5 19. Nxb5 Rxb5 20. Qe2 Qb6
21. b3 a5 22. Rxe7 a4 23. d6 axb3 24. axb3 Rxb3 25. d7 Rb1 26. Re8 {Black
resigns} 1-0